AoeStats
← 我想做个好人

Arabia

509282070Analyzed
1v1 RM · 7d ago on Sep 26, 2026· 57m 38s· 2 players
Game mode
Random Map
Map size
Tiny (2 player)
Population
200
Speed
Normal
Resources
Standard
Victory
Conquest
Starting age
Dark Age
Ending age
Imperial Age
RankedLock teamsTeams togetherTeam positionsShared explorationLock speedFull tech treeHidden civsTurbo modeCheats
Victory
Defeat
🇷🇺 Britons · Russia
637
+18
🇨🇳 Celts · China
670
-18
Менеджер
11:36 Feudal Age
13:12 Wheelbarrow
12:20 Horse Collar
12:28 Double-Bit Axe
12:49 Loom
18:12 Castle Age
19:20 Hand Cart
19:09 Heavy Plow
19:29 Bow Saw
26:16 Gold Mining
26:25 Stone Mining
28:28 Gold Shaft Mining
35:06 Imperial Age
33:59 Yeomen
35:09 Ballistics
34:45 Murder Holes
37:04 Two-Man Saw
36:27 Conscription
35:28 Elite Longbowman
36:25 Forging
36:06 Fletching
36:17 Padded Archer Armor
37:21 Chemistry
36:20 Arrowslits
37:47 Iron Casting
39:03 Leather Archer Armor
38:44 Bodkin Arrow
41:26 Blast Furnace
41:28 Coinage
41:09 Guilds
41:31 Ring Archer Armor
41:35 Bracer
43:26 Banking
我想做个好人
2:08 Loom
11:29 Feudal Age
12:59 Double-Bit Axe
15:43 Horse Collar
24:18 Castle Age
22:17 Gold Mining
23:22 Forging
24:48 Scale Mail Armor
26:17 Heavy Plow
26:30 Bow Saw
26:59 Gold Shaft Mining
27:04 Iron Casting
25:54 Pikeman
27:54 Stone Mining
33:02 Wheelbarrow
33:16 Stone Shaft Mining
32:30 Town Watch
34:43 Hand Cart
35:08 Chain Mail Armor
41:26 Imperial Age
39:18 Fletching
39:28 Padded Archer Armor
38:53 Elite Skirmisher
40:59 Masonry
42:37 Siege Engineers
42:47 Furor Celtica
42:07 Capped Ram
42:18 Elite Skirmisher
44:41 Blast Furnace
44:43 Bodkin Arrow
45:03 Leather Archer Armor
47:47 Ring Archer Armor
48:21 Guilds
51:10 Ballistics
54:24 Plate Mail Armor
54:25 Siege Ram
Connection lost

Rejoining the realm…

Still unreachable

The connection could not be restored.

Session expired

The server has moved on; the page needs a fresh start.